Map: Orbital Shipyard (3.1.0 Balance v1.1)

Players

lesha

  • Race: Terran Terran
  • League: Silver

StranaOz - Winner!

  • Race: Zerg Zerg
  • League: Gold

VOD

Have the link to the VOD?

Description

Time

  • Played on: Dec. 25, 2015, 5:27 a.m.
  • Length: 16:08
Show
View Real Time Build Order
Export as new Build Order

lesha Terran 

Build Orders: MMM Bio 

Get SALT Encoding   

  12  0:01  SCV  
  13  0:13  SCV  
  14  0:18  Supply Depot  
  14  0:25  SCV  
  15  0:39  SCV  
  15  0:41  Barracks  
  16  0:47  Refinery  
  16  0:54  SCV  
  17  1:06  SCV  
  18  1:18  SCV  
  19  1:30  SCV  
  19  1:32  Command Center  
  20  1:34  Reaper  
  21  1:44  Orbital Command  
  21  1:56  Supply Depot  
  21  2:09  Factory  
  21  2:10  Marine  
  22  2:16  SCV  
  23  2:27  Barracks  
  23  2:28  SCV  
  24  2:39  Marine  
  24  2:40  SCV  
  26  2:52  SCV  
  27  3:03  Starport  
  27  3:06  Orbital Command  
  27  3:08  SCV  
  28  3:15  Supply Depot x2, Refinery  
  28  3:20  SCV  
  29  3:29  Barracks Reactor  
  29  3:32  SCV  
  29  3:33  Factory Reactor  
  29  3:37  SCV  
  30  3:44  SCV, Barracks  
  30  3:45  Barracks Reactor  
  30  3:46  Barracks  
  31  3:49  SCV  
  32  3:56  SCV  
  32  3:57  Starport Reactor  
  32  4:01  SCV  
  34  4:11  Hellion x2  
  34  4:12  Marine x2  
  34  4:15  SCV x2  
  42  4:22  Supply Depot  
  42  4:27  SCV  
  42  4:28  SCV, Marine x2  
  42  4:30  Liberator, Marine  
  47  4:39  SCV, Refinery  
  47  4:40  SCV  
  47  4:41  Refinery, Marine  
  47  4:43  Barracks Tech Lab  
  47  4:44  Barracks Reactor  
  53  4:59  Marine x3  
  55  5:00  Marine  
  57  5:08  SCV x2  
  57  5:09  Barracks  
  57  5:13  Stimpack  
  59  5:15  Medivac  
  59  5:18  Marine x2  
  59  5:19  Marine x2  
  59  5:20  SCV x2  
  67  5:29  Marine  
  67  5:30  Marine  
  67  5:32  SCV  
  70  5:40  Supply Depot  
  70  5:41  Supply Depot  
  70  5:43  Supply Depot  
  70  5:47  Engineering Bay  
  70  5:49  Engineering Bay  
  70  6:02  SCV x2, Medivac x2, Marine x3  
  70  6:03  Marine x4, Marauder  
  70  6:04  Marine  
  86  6:14  SCV x2  
  88  6:28  Marine x2  
  88  6:29  Marine x4  
  94  7:00  SCV, Marine x2  
  94  7:03  Terran Infantry Weapons Level 1, Terran Infantry Armor Level 1  
  94  7:12  Command Center  
  94  7:31  SCV x2, Marauder, Medivac x2, Marine x8  
  110  7:43  SCV x2  
  112  7:49  Marine x5  
  112  7:50  Marine x3  
  120  7:52  Marine  
  120  7:55  SCV  
  120  7:56  SCV  
  123  8:01  Medivac  
  125  8:06  Marine  
  126  8:17  Marine x2  
  98  8:27  Marine  
  98  8:28  Marine x6  
  98  8:30  Medivac  
  98  8:31  Medivac  
  109  8:34  Marine x2  
  109  8:41  Missile Turret  
  111  8:44  Missile Turret  
  111  8:45  Marine x2  
  111  8:46  Marine x2  
  111  8:47  Missile Turret x2  
  111  8:48  Missile Turret x2  
  115  8:51  Missile Turret  
  115  9:00  Medivac  
  117  9:06  Armory  
  117  9:07  Barracks  
  117  9:15  Combat Shields  
  117  9:19  Marine x6  
  117  9:20  Marine x3  
  126  9:37  Marine  
  119  9:49  Factory Tech Lab  
  119  10:02  Marine x6  
  119  10:03  Marine x4  
  119  10:04  Medivac  
  119  10:05  Medivac  
  133  10:20  Marine x7  
  113  10:34  Medivac x2  
  98  10:40  Marine x7  
  98  10:41  Marine x3  
  106  10:57  Marine  
  106  10:58  Marine x2  
  106  11:00  Command Center  
  106  11:01  Barracks Reactor  
  106  11:02  Marine x5  
  106  11:03  Marine  
  115  11:06  Medivac x2  
  119  11:15  Marine  
  120  11:20  Orbital Command  
  120  11:22  Marine  
  120  11:23  Marine x6  
  114  11:51  Marine x3  
  114  11:52  Marine x7  
  114  11:53  Marine  
  125  11:54  Medivac x2  
  129  12:05  Terran Infantry Weapons Level 2  
  129  12:07  Terran Infantry Armor Level 2  
  129  12:09  Marine x5  
  134  12:21  Marine x5  
  134  12:22  Marine  
  140  12:24  Medivac x2  
  140  12:27  Marine x4  
  140  12:28  Marine  
  149  12:39  Marine x3  
  149  12:40  Orbital Command  
  152  12:49  Refinery, Marine x4  
  152  12:50  Refinery  
  156  12:58  Marauder, Marine x4  
  122  13:48  Marine x7  
  105  13:49  Marine x4  
  91  14:05  Marine  
  91  14:06  Marine x7  
  91  14:07  Marine x2  
  98  14:15  Marine  
  99  14:23  Marine x3  
  99  14:24  Marine x4  
  102  14:27  Marine x3  
  102  14:28  Medivac x2  
  113  14:33  Supply Depot, Marine  
  113  14:34  Supply Depot x2  
  113  14:35  Supply Depot  
  113  14:36  Supply Depot  
  114  14:41  Marine x3  
  114  14:42  Marine x3  
  120  14:54  Marine x5  
  120  14:58  Medivac x2  
  120  14:59  Marine x4  
  132  15:00  Command Center  
Show
View Real Time Build Order
Export as new Build Order

StranaOz Zerg - Winner!

Build Orders: Pool First 

Get SALT Encoding   

  12  0:01  Drone  
  13  0:13  Overlord  
  13  0:24  Drone  
  14  0:33  Drone  
  14  0:34  Drone  
  16  0:46  Spawning Pool  
  15  1:06  Hatchery  
  15  1:11  Drone  
  15  1:12  Drone  
  15  1:15  Drone  
  17  1:24  Extractor  
  16  1:26  Drone  
  17  1:34  Zergling x2  
  17  1:36  Queen  
  20  1:44  Zergling x2  
  21  1:59  Overlord  
  21  2:07  Drone  
  22  2:16  Queen  
  24  2:24  Drone x2  
  24  2:29  Queen  
  25  3:01  Drone x3  
  25  3:02  Drone x5  
  33  3:08  Drone  
  34  3:20  Extractor  
  34  3:22  Overlord x2  
  33  3:34  Drone x3  
  35  3:36  Overlord  
  36  3:55  Lair  
  36  3:58  Drone x2  
  36  3:59  Drone x5  
  43  4:21  Drone  
  43  4:22  Drone x5  
  49  4:24  Extractor  
  49  4:27  Extractor  
  47  4:43  Roach Warren  
  46  4:55  Hatchery  
  46  4:59  Spore Crawler  
  44  5:04  Drone x5  
  44  5:05  Drone x6  
  55  5:11  Spore Crawler  
  54  5:28  Hatchery  
  53  5:31  Evolution Chamber  
  52  5:38  Roach  
  52  5:39  Roach x3  
  52  5:40  Overlord x2  
  52  5:42  Overlord  
  60  6:00  Roach x5  
  60  6:01  Zerg Ground Armor Level 1  
  70  6:12  Spire  
  70  6:18  Overlord x3  
  69  6:25  Hydralisk Den  
  69  6:26  Roach x2  
  69  6:27  Roach  
  69  6:31  Overlord  
  74  6:39  Ravager x3  
  77  6:40  Ravager x2  
  77  6:51  Ravager  
  78  7:02  Hydralisk  
  78  7:03  Hydralisk x4  
  78  7:06  Lurker Den  
  88  7:12  Drone x4  
  88  7:13  Drone x3  
  88  7:14  Evolution Chamber  
  94  7:32  Mutalisk x5  
  94  7:34  Roach  
  106  7:47  Metabolic Boost  
  106  7:53  Queen  
  108  7:59  Extractor  
  108  8:04  Extractor  
  106  8:34  Drone x4  
  106  8:35  Drone x3  
  113  8:42  Zerg Ground Armor Level 2  
  113  8:44  Zerg Melee Weapons Level 1  
  113  8:46  Muscular Augments  
  113  8:50  Roach x4  
  113  8:51  Roach x2  
  125  9:06  Roach  
  114  9:51  Roach x3  
  114  9:52  Roach x6  
  115  9:53  Roach x4  
  115  9:59  Hydralisk x3  
  83  10:39  Zergling x2  
  83  10:40  Zergling x12  
  83  10:41  Zergling x10  
  83  10:42  Zergling x12  
  101  10:43  Zergling x12  
  107  10:50  Zerg Melee Weapons Level 2  
  107  10:51  Infestation Pit  
  106  11:08  Queen  
  108  11:17  Zerg Missile Weapons Level 1  
  108  11:24  Hydralisk x3  
  108  11:25  Hydralisk x3  
  88  11:54  Roach x4  
  88  11:55  Roach x5  
  88  11:56  Roach x6  
  88  11:57  Roach x2  
  88  11:59  Overlord x3  
  120  12:09  Hive  
  120  12:24  Zergling x8  
  120  12:25  Zergling x6  
  127  12:42  Mutalisk x3  
  127  12:43  Mutalisk x5  
  143  12:45  Overlord x2  
  143  12:46  Overlord x5  
  143  13:16  Hatchery  
  107  13:46  Roach  
  107  13:47  Roach x5  
  107  13:48  Roach x3, Zergling x8  
  117  13:49  Zergling x10  
  117  13:50  Zergling x6  
  115  14:13  Overseer  
  115  14:28  Ultralisk Cavern  
  114  14:40  Roach x3  
  114  14:41  Roach x6  
  114  14:42  Roach x5  
  142  14:53  Corruptor x5  
  142  14:54  Corruptor x5  
Tags
 
Add a new tag
Caveats
  • Supply blocks, unpowered buildings, or Contaminate may cause inaccurate times.
  • Supply counts are checked every 10 seconds.